General information
- name: BNet
- type: Ladder team game (AT/RT)
- host: Battle.net
- saver: Irapeurrecord
map: MarketSquare
- players: 8
- length: 54:48
- speed: Fast
- version: 1.26 W3XP
- replay type: Public
» download(295 KB)
Players
team 1 (winner)

»
NO_COAST (
yellow | 25 APM | 1349 actions | 54:48)
9 Tauren Chieftain
3 War Stomp
3 Endurance Aura
1 Reincarnation
2 Shockwave
» actions
| Basic commands | 2 | |
| Build / train | 84 | |
| Enter build submenu | 38 | |
| Enter hero's abilities submenu | 8 | |
| Give item / drop item | 4 | |
| Remove unit from queue | 1 | |
| Right click | 733 | |
| Select / deselect | 398 | |
| Use ability | 81 | |
1349 total
» units
| Peon | 9 | |
| Grunt | 6 | |
| Tauren | 19 | |
| Shaman | 10 | |
| Troll Batrider | 7 | |
51 total
» upgrades
| Pillage | 1 | |
| Armor | 2 | |
| Melee Weapons | 1 | |
| Shaman Training | 2 | |
| Pulverize | 1 | |
| Reinforced Defenses | 1 | |
8 total
» buildings
| Altar of Storms | 2 | |
| Orc Burrow | 11 | |
| Barracks | 1 | |
| War Mill | 2 | |
| Voodoo Lounge | 1 | |
| Watch Tower | 7 | |
| Stronghold | 1 | |
| Great Hall | 2 | |
| Fortress | 1 | |
| Spirit Lodge | 1 | |
| Tauren Totem | 2 | |
| Beastiary | 1 | |
32 total
» build order
00:29 Altar of Storms
00:49 Orc Burrow
01:04 Barracks
01:48 War Mill
02:07 Orc Burrow
03:02 Voodoo Lounge
03:26 Watch Tower
04:28 Orc Burrow
05:32 Stronghold
05:40 Watch Tower
06:30 Great Hall
07:17 Orc Burrow
07:55 Fortress
08:13 Spirit Lodge
08:59 Watch Tower
10:19 Orc Burrow
10:25 Tauren Totem
10:50 Tauren Totem
11:33 War Mill
12:20 Orc Burrow
12:35 Orc Burrow
14:15 Watch Tower
15:21 Orc Burrow
15:29 Orc Burrow
15:55 Watch Tower
16:57 Beastiary
18:52 Watch Tower
19:19 Watch Tower
36:51 Orc Burrow
46:25 Great Hall
48:02 Altar of Storms
48:06 Orc Burrow
» items
| Healing Salve | 2 | |
| Lesser Clarity Potion | 2 | |
| Periapt of Vitality | 1 | |
| Orb of Lightning | 1 | |
| Scroll of Town Portal | 5 | |
11 total
site187g (
green | 38 APM | 2071 actions | 54:48)
4 Archmage
1 Summon Water Elemental
2 Brilliance Aura
1 Blizzard
2 Naga Sea Witch
1 Forked Lightning
1 Frost Arrows
2 Mountain King
1 Storm Bolt
1 Bash
» actions
| Assign group hotkey | 30 | |
| Basic commands | 43 | |
| Build / train | 119 | |
| ESC pressed | 3 | |
| Enter build submenu | 52 | |
| Enter hero's abilities submenu | 8 | |
| Remove unit from queue | 2 | |
| Right click | 538 | |
| Select / deselect | 803 | |
| Select group hotkey | 382 | |
| Use ability | 90 | |
2071 total
» units
| Peasant | 47 | |
| Footman | 13 | |
| Knight | 5 | |
| Siege Engine | 8 | |
73 total
» upgrades
| Lumber Harvesting | 2 | |
| Masonry | 2 | |
| Swords | 2 | |
| Plating | 1 | |
| Animal War Training | 1 | |
| Gunpowder | 2 | |
| Barrage | 1 | |
11 total
» buildings
| Barracks | 2 | |
| Farm | 12 | |
| Altar of Kings | 1 | |
| Scout Tower | 15 | |
| Arcane Tower | 4 | |
| Town Hall | 3 | |
| Keep | 1 | |
| Lumber Mill | 2 | |
| Arcane Vault | 2 | |
| Guard Tower | 9 | |
| Castle | 1 | |
| Blacksmith | 1 | |
| Workshop | 3 | |
56 total
» build order
00:34 Barracks
00:46 Farm
01:02 Altar of Kings
01:24 Farm
01:29 Farm
02:52 Scout Tower
03:27 Arcane Tower
04:11 Town Hall
04:45 Keep
04:53 Lumber Mill
05:59 Arcane Vault
06:18 Scout Tower
06:41 Scout Tower
07:00 Scout Tower
07:02 Guard Tower
07:17 Farm
07:25 Scout Tower
07:27 Arcane Tower
07:31 Guard Tower
07:49 Scout Tower
07:57 Farm
08:02 Barracks
09:03 Arcane Tower
09:05 Scout Tower
09:08 Farm
09:09 Castle
09:14 Farm
09:23 Blacksmith
09:55 Scout Tower
09:56 Guard Tower
09:58 Farm
10:01 Farm
10:20 Lumber Mill
11:50 Scout Tower
12:29 Arcane Vault
12:30 Guard Tower
12:33 Farm
13:10 Farm
13:27 Farm
15:22 Scout Tower
15:52 Guard Tower
18:56 Town Hall
18:57 Scout Tower
18:58 Scout Tower
18:59 Scout Tower
19:01 Scout Tower
19:03 Scout Tower
19:28 Guard Tower
19:30 Guard Tower
19:34 Workshop
19:38 Guard Tower
19:55 Arcane Tower
21:05 Workshop
21:08 Workshop
25:17 Town Hall
» items
| Scroll of Town Portal | 1 | |
| Mechanical Critter | 1 | |
| Scroll of Regeneration | 1 | |
| Potion of Lesser Invulnerability | 1 | |
| Boots of Speed | 1 | |
| Potion of Healing | 2 | |
7 total
ShamooWifeOfJak (
blue | 43 APM | 2357 actions | 54:48)
10 Blademaster
3 Wind Walk
3 Critical Strike
1 Bladestorm
3 Mirror Image
» actions
| Assign group hotkey | 31 | |
| Basic commands | 43 | |
| Build / train | 69 | |
| Enter build submenu | 51 | |
| Enter hero's abilities submenu | 11 | |
| Give item / drop item | 6 | |
| Remove unit from queue | 2 | |
| Right click | 1366 | |
| Select / deselect | 390 | |
| Select group hotkey | 162 | |
| Use ability | 226 | |
2357 total
» units
| Peon | 14 | |
| Grunt | 4 | |
| Troll Batrider | 9 | |
| Wind Rider | 5 | |
32 total
» upgrades
| Reinforced Defenses | 1 | |
| Ranged Weapons | 3 | |
| Armor | 3 | |
| Troll Regeneration | 1 | |
| Liquid Fire | 1 | |
| Pillage | 1 | |
| Ensnare | 1 | |
| Melee Weapons | 3 | |
| Envenomed Spears | 1 | |
15 total
» buildings
| Orc Burrow | 6 | |
| Altar of Storms | 1 | |
| Barracks | 1 | |
| Stronghold | 1 | |
| Voodoo Lounge | 1 | |
| War Mill | 1 | |
| Great Hall | 4 | |
| Watch Tower | 33 | |
| Fortress | 1 | |
| Beastiary | 4 | |
53 total
» build order
00:21 Orc Burrow
01:10 Altar of Storms
01:12 Barracks
01:18 Orc Burrow
02:42 Stronghold
03:09 Voodoo Lounge
04:19 War Mill
05:24 Great Hall
06:29 Orc Burrow
06:44 Great Hall
07:00 Watch Tower
07:00 Watch Tower
07:00 Watch Tower
07:00 Watch Tower
07:52 Fortress
11:40 Watch Tower
11:41 Watch Tower
11:42 Watch Tower
11:47 Watch Tower
11:48 Watch Tower
11:49 Watch Tower
15:02 Watch Tower
15:02 Watch Tower
15:03 Watch Tower
15:07 Watch Tower
15:08 Watch Tower
17:16 Beastiary
17:18 Beastiary
17:46 Beastiary
17:47 Beastiary
21:01 Watch Tower
21:05 Watch Tower
21:05 Watch Tower
21:06 Watch Tower
22:14 Watch Tower
28:08 Watch Tower
28:09 Watch Tower
28:11 Watch Tower
29:16 Great Hall
29:19 Watch Tower
29:20 Watch Tower
29:20 Watch Tower
29:20 Watch Tower
29:22 Watch Tower
29:22 Watch Tower
29:22 Watch Tower
29:23 Watch Tower
30:46 Watch Tower
30:47 Watch Tower
39:42 Great Hall
53:20 Orc Burrow
53:23 Orc Burrow
53:25 Orc Burrow
» items
| Healing Salve | 2 | |
| Boots of Speed | 1 | |
| Periapt of Vitality | 1 | |
| Staff of Teleportation | 2 | |
| Potion of Lesser Invulnerability | 1 | |
7 total
PRO-DELIGHT. (
orange | 55 APM | 3015 actions | 54:48)
10 Paladin
3 Holy Light
3 Divine Shield
1 Resurrection
3 Devotion Aura
» actions
| Assign group hotkey | 67 | |
| Basic commands | 6 | |
| Build / train | 98 | |
| Enter build submenu | 20 | |
| Enter hero's abilities submenu | 10 | |
| Give item / drop item | 3 | |
| Right click | 1455 | |
| Select / deselect | 310 | |
| Select group hotkey | 868 | |
| Use ability | 178 | |
3015 total
» units
| Peasant | 20 | |
| Footman | 6 | |
| Gryphon Rider | 6 | |
| Dragonhawk Rider | 6 | |
38 total
» upgrades
| Masonry | 3 | |
| Lumber Harvesting | 2 | |
| Animal War Training | 1 | |
| Swords | 2 | |
| Armor | 2 | |
| Cloud | 1 | |
| Storm Hammers | 1 | |
12 total
» buildings
| Altar of Kings | 1 | |
| Barracks | 1 | |
| Farm | 11 | |
| Scout Tower | 18 | |
| Arcane Tower | 1 | |
| Lumber Mill | 1 | |
| Town Hall | 3 | |
| Guard Tower | 13 | |
| Keep | 1 | |
| Blacksmith | 1 | |
| Castle | 2 | |
| Gryphon Aviary | 3 | |
| Arcane Vault | 1 | |
57 total
» build order
00:13 Altar of Kings
00:24 Barracks
00:37 Farm
00:54 Farm
01:39 Farm
01:55 Scout Tower
02:34 Arcane Tower
02:56 Farm
03:08 Lumber Mill
04:36 Town Hall
04:38 Scout Tower
04:39 Scout Tower
04:39 Scout Tower
04:40 Scout Tower
04:40 Scout Tower
05:46 Guard Tower
05:47 Guard Tower
05:53 Keep
06:24 Guard Tower
06:59 Blacksmith
07:07 Scout Tower
07:08 Scout Tower
07:09 Scout Tower
07:09 Scout Tower
07:37 Guard Tower
07:37 Guard Tower
08:08 Guard Tower
08:08 Guard Tower
08:20 Castle
08:20 Castle
09:04 Gryphon Aviary
09:05 Gryphon Aviary
09:11 Farm
09:12 Farm
09:13 Farm
09:14 Farm
10:33 Scout Tower
10:33 Scout Tower
10:34 Scout Tower
10:35 Scout Tower
10:35 Scout Tower
10:36 Scout Tower
10:37 Scout Tower
10:38 Scout Tower
11:24 Guard Tower
11:24 Guard Tower
11:37 Arcane Vault
11:42 Guard Tower
12:20 Guard Tower
12:25 Gryphon Aviary
12:40 Guard Tower
12:40 Guard Tower
15:15 Farm
15:15 Farm
15:16 Farm
21:22 Town Hall
32:12 Town Hall
» items
| Staff of Teleportation | 1 | |
| Boots of Speed | 1 | |
| Potion of Lesser Invulnerability | 4 | |
| Scroll of Town Portal | 4 | |
| Potion of Mana | 1 | |
| Scroll of Regeneration | 1 | |
| Dust of Appearance | 2 | |
14 total
team 2 (loser)
the-white-man (
pink | 21 APM | 274 actions | 13:17)
2 Paladin
1 Holy Light
1 Divine Shield
» actions
| Basic commands | 10 | |
| Build / train | 37 | |
| Enter build submenu | 19 | |
| Enter hero's abilities submenu | 2 | |
| Right click | 63 | |
| Select / deselect | 118 | |
| Use ability | 25 | |
274 total
» units
| Peasant | 12 | |
| Footman | 7 | |
| Rifleman | 6 | |
25 total
» upgrades
| Defend | 1 | |
| Long Rifles | 1 | |
| Lumber Harvesting | 1 | |
3 total
» buildings
| Altar of Kings | 1 | |
| Barracks | 2 | |
| Farm | 7 | |
| Blacksmith | 1 | |
| Lumber Mill | 1 | |
| Scout Tower | 5 | |
| Guard Tower | 4 | |
| Arcane Vault | 1 | |
| Keep | 1 | |
| Castle | 1 | |
| Town Hall | 1 | |
25 total
» build order
00:09 Altar of Kings
00:14 Barracks
00:23 Farm
01:11 Farm
02:06 Farm
02:43 Blacksmith
02:55 Lumber Mill
03:08 Farm
03:43 Scout Tower
04:48 Guard Tower
04:58 Arcane Vault
05:07 Farm
05:41 Keep
05:52 Farm
06:00 Scout Tower
06:02 Scout Tower
06:04 Scout Tower
06:30 Barracks
07:02 Guard Tower
07:26 Guard Tower
08:21 Castle
08:27 Farm
08:29 Scout Tower
09:37 Town Hall
10:02 Guard Tower

»
ThisGameSuckNow (
red | 49 APM | 2675 actions | 54:48)
6 Priestess of the Moon
1 Scout
3 Trueshot Aura
1 Searing Arrows
1 Starfall
5 Keeper of the Grove
3 Entangling Roots
2 Force of Nature
3 Paladin
2 Holy Light
1 Resurrection
» actions
| Assign group hotkey | 77 | |
| Build / train | 132 | |
| Enter build submenu | 29 | |
| Enter hero's abilities submenu | 14 | |
| Give item / drop item | 2 | |
| Remove unit from queue | 5 | |
| Right click | 771 | |
| Select / deselect | 526 | |
| Select group hotkey | 985 | |
| Use ability | 134 | |
2675 total
» units
| Wisp | 21 | |
| Archer | 6 | |
| Hippogryph | 29 | |
| Chimaera | 18 | |
| Peasant | 5 | |
| Rifleman | 12 | |
| Priest | 3 | |
| Peon | 1 | |
95 total
» upgrades
| Strength of the Wild | 2 | |
| Reinforced Hides | 1 | |
| Corrosive Breath | 1 | |
| Gunpowder | 2 | |
| Priest Training | 2 | |
| Well Spring | 1 | |
9 total
» buildings
| Altar of Elders | 1 | |
| Moon Well | 8 | |
| Ancient of War | 1 | |
| Tree of Ages | 1 | |
| Hunter's Hall | 1 | |
| Tree of Eternity | 1 | |
| Tree of Life | 8 | |
| Ancient of Wind | 2 | |
| Chimaera Roost | 3 | |
| Arcane Sanctum | 2 | |
| Farm | 3 | |
31 total
» build order
00:11 Altar of Elders
00:20 Moon Well
00:42 Ancient of War
01:23 Moon Well
02:06 Moon Well
02:57 Moon Well
03:42 Tree of Ages
04:53 Hunter's Hall
04:57 Moon Well
05:54 Moon Well
06:03 Tree of Eternity
06:52 Tree of Life
06:58 Ancient of Wind
07:02 Tree of Life
08:44 Chimaera Roost
08:49 Chimaera Roost
08:53 Chimaera Roost
09:04 Moon Well
12:18 Tree of Life
15:53 Ancient of Wind
15:57 Moon Well
18:43 Arcane Sanctum
19:54 Tree of Life
20:08 Arcane Sanctum
20:46 Farm
20:48 Farm
20:49 Farm
25:06 Tree of Life
27:21 Tree of Life
32:37 Tree of Life
34:01 Tree of Life
» items
| Scroll of Town Portal | 6 | |
| Potion of Healing | 3 | |
| Scroll of Speed | 1 | |
10 total
Irapeurrecord (
teal | 85 APM | 4636 actions | 54:48)
10 Mountain King
3 Storm Bolt
3 Bash
1 Avatar
3 Thunder Clap
1 Paladin
1 Divine Shield
» actions
| Assign group hotkey | 86 | |
| Basic commands | 201 | |
| Build / train | 208 | |
| ESC pressed | 10 | |
| Enter build submenu | 76 | |
| Enter hero's abilities submenu | 11 | |
| Give item / drop item | 10 | |
| Remove unit from queue | 1 | |
| Right click | 1890 | |
| Select / deselect | 593 | |
| Select group hotkey | 1006 | |
| Use ability | 544 | |
4636 total
» units
| Peasant | 19 | |
| Footman | 8 | |
| Gryphon Rider | 10 | |
| Mortar Team | 3 | |
40 total
» upgrades
| Masonry | 4 | |
| Swords | 3 | |
| Animal War Training | 1 | |
| Storm Hammers | 1 | |
| Armor | 3 | |
| Plating | 3 | |
| Gunpowder | 3 | |
| Fragmentation Shards | 1 | |
| Barrage | 1 | |
| Cloud | 1 | |
| Defend | 1 | |
| Long Rifles | 1 | |
| Lumber Harvesting | 2 | |
| Flare | 1 | |
| Flak Cannons | 1 | |
| Flying Machine Bombs | 1 | |
| Backpack | 1 | |
29 total
» buildings
| Altar of Kings | 1 | |
| Barracks | 1 | |
| Farm | 8 | |
| Lumber Mill | 1 | |
| Arcane Vault | 2 | |
| Town Hall | 6 | |
| Scout Tower | 41 | |
| Guard Tower | 36 | |
| Keep | 2 | |
| Blacksmith | 5 | |
| Castle | 3 | |
| Gryphon Aviary | 2 | |
| Workshop | 4 | |
| Cannon Tower | 20 | |
132 total
» build order
00:42 Altar of Kings
00:44 Barracks
00:51 Farm
01:05 Farm
01:41 Farm
02:07 Lumber Mill
02:19 Farm
02:24 Arcane Vault
02:28 Arcane Vault
04:14 Town Hall
04:17 Scout Tower
04:19 Scout Tower
04:21 Scout Tower
04:51 Guard Tower
04:51 Guard Tower
04:51 Guard Tower
04:55 Guard Tower
06:12 Keep
06:12 Keep
06:46 Scout Tower
06:47 Scout Tower
06:55 Blacksmith
07:43 Guard Tower
07:43 Guard Tower
07:47 Scout Tower
07:48 Scout Tower
07:50 Scout Tower
07:50 Scout Tower
09:06 Guard Tower
09:22 Castle
09:22 Castle
10:21 Gryphon Aviary
10:25 Gryphon Aviary
12:34 Farm
16:32 Town Hall
16:34 Scout Tower
16:36 Scout Tower
16:38 Scout Tower
16:40 Scout Tower
16:46 Scout Tower
16:47 Scout Tower
16:51 Scout Tower
16:52 Scout Tower
17:05 Guard Tower
17:05 Guard Tower
17:05 Guard Tower
17:06 Guard Tower
17:06 Guard Tower
17:07 Guard Tower
18:14 Guard Tower
18:14 Guard Tower
22:35 Workshop
22:36 Workshop
27:29 Workshop
27:31 Workshop
27:34 Farm
27:38 Farm
27:38 Farm
28:43 Blacksmith
28:44 Blacksmith
28:45 Blacksmith
28:53 Blacksmith
29:27 Town Hall
30:26 Town Hall
30:42 Scout Tower
30:44 Scout Tower
31:06 Scout Tower
31:09 Scout Tower
31:09 Scout Tower
31:10 Scout Tower
31:11 Scout Tower
31:11 Scout Tower
31:14 Scout Tower
34:04 Town Hall
34:07 Scout Tower
34:08 Scout Tower
34:08 Scout Tower
34:09 Scout Tower
34:53 Guard Tower
34:53 Guard Tower
34:53 Guard Tower
37:49 Town Hall
37:50 Scout Tower
37:51 Scout Tower
37:52 Scout Tower
37:54 Scout Tower
40:18 Cannon Tower
40:19 Cannon Tower
40:25 Guard Tower
40:25 Guard Tower
40:25 Guard Tower
40:28 Cannon Tower
40:28 Guard Tower
40:28 Guard Tower
40:31 Cannon Tower
40:32 Guard Tower
40:32 Guard Tower
47:40 Scout Tower
47:41 Scout Tower
47:59 Cannon Tower
47:59 Cannon Tower
47:59 Cannon Tower
48:18 Scout Tower
48:20 Scout Tower
48:23 Scout Tower
48:25 Scout Tower
48:28 Scout Tower
48:51 Cannon Tower
48:51 Cannon Tower
48:52 Cannon Tower
48:52 Cannon Tower
48:53 Cannon Tower
48:54 Cannon Tower
» items
| Scroll of Regeneration | 8 | |
| Lesser Clarity Potion | 4 | |
| Boots of Speed | 1 | |
| Periapt of Vitality | 2 | |
| Scroll of Town Portal | 5 | |
| Potion of Healing | 1 | |
| Potion of Mana | 2 | |
| Staff of Sanctuary | 1 | |
24 total

»
jorge (
purple | 19 APM | 739 actions | 39:45)
5 Tauren Chieftain
2 Endurance Aura
3 War Stomp
3 Shadow Hunter
2 Healing Wave
1 Hex
» actions
| Basic commands | 2 | |
| Build / train | 73 | |
| Enter build submenu | 25 | |
| Enter hero's abilities submenu | 8 | |
| Give item / drop item | 1 | |
| Right click | 271 | |
| Select / deselect | 295 | |
| Use ability | 64 | |
739 total
» units
| Peon | 20 | |
| Grunt | 14 | |
| Shaman | 5 | |
| Tauren | 9 | |
48 total
» upgrades
| Shaman Training | 2 | |
| Armor | 1 | |
| Reinforced Defenses | 1 | |
| Pulverize | 1 | |
| Melee Weapons | 3 | |
8 total
» buildings
| Altar of Storms | 1 | |
| Barracks | 1 | |
| Orc Burrow | 6 | |
| War Mill | 1 | |
| Stronghold | 1 | |
| Voodoo Lounge | 1 | |
| Spirit Lodge | 2 | |
| Watch Tower | 9 | |
| Fortress | 1 | |
| Tauren Totem | 2 | |
25 total
» build order
00:10 Altar of Storms
00:13 Barracks
00:17 Orc Burrow
02:16 Orc Burrow
02:37 War Mill
03:22 Stronghold
03:39 Orc Burrow
04:39 Voodoo Lounge
05:50 Orc Burrow
07:01 Orc Burrow
07:25 Spirit Lodge
07:59 Watch Tower
08:15 Spirit Lodge
09:29 Orc Burrow
09:51 Fortress
09:55 Watch Tower
11:38 Watch Tower
12:49 Watch Tower
12:57 Tauren Totem
14:12 Tauren Totem
15:49 Watch Tower
15:57 Watch Tower
19:14 Watch Tower
26:23 Watch Tower
28:49 Watch Tower
» items
| Scroll of Town Portal | 2 | |
| Healing Salve | 1 | |
| Orb of Lightning | 1 | |
| Potion of Healing | 1 | |
5 total
Chat log
(00:16 / All) ShamooWifeOfJak: I got the latest scoops on game of thrones and breaking bad
(00:18 / All) ShamooWifeOfJak: who wants to hear
(00:28 / Allies) ThisGameSuckNow: hipp chims
(00:30 / Allies) ThisGameSuckNow: for me
(00:31 / All) PRO-DELIGHT.: me me
(00:35 / All) Irapeurrecord: ME
(00:56 / Allies) jorge: tauren shaman
(02:05 / All) ShamooWifeOfJak: Samwell Tarly is the real bastard of Ned Stark, book 5
(02:37 / All) ThisGameSuckNow: did somebody say yes?
(07:50 / All) PRO-DELIGHT.: little too good timing there, pinkie
(08:53 / Allies) Irapeurrecord: you mh pink?
(08:55 / Allies) Irapeurrecord: they're saying it
(09:00 / Allies) Irapeurrecord: idc if so just curious
(09:13 / Allies) the-white-man: what?
(09:19 / Allies) Irapeurrecord: the enemies say u mh
(09:29 / Allies) the-white-man: ?
(09:33 / Allies) Irapeurrecord: map hack
(09:54 / Allies) the-white-man: i dont even know how to that i just play
(09:59 / Allies) ThisGameSuckNow: wood?
(10:15 / Allies) ThisGameSuckNow: thx
(10:26 / Allies) the-white-man: so anyone knowing how to play auto. makes me a hack
(10:33 / Allies) ThisGameSuckNow: tp?
(10:42 / Allies) jorge: yah
(10:44 / Allies) ThisGameSuckNow: guess no
(10:44 / Allies) jorge: i go
(10:49 / Allies) ThisGameSuckNow: k
(10:50 / Allies) ThisGameSuckNow: hurry all
(10:53 / Allies) ThisGameSuckNow: too late
(10:54 / Allies) ThisGameSuckNow: it dead
(11:14 / Allies) ThisGameSuckNow: glad we tped late
(11:15 / Allies) ThisGameSuckNow: shit
(11:29 / All) PRO-DELIGHT.: tping at expo what niggers
(11:51 / All) Irapeurrecord: lol
(11:51 / All) ThisGameSuckNow: hitting my expo more gay
(12:21 / Allies) the-white-man: hum mapa hack?
(12:34 / Allies) the-white-man: guys look
(12:43 / Allies) ThisGameSuckNow: its just a bm
(12:43 / Allies) ThisGameSuckNow: wtf
(12:53 / Allies) the-white-man: hes not dyin
(12:57 / Allies) Irapeurrecord: pink is dumb noob
(13:00 / Allies) ThisGameSuckNow: yeah...lol
(13:22 / All) ShamooWifeOfJak: aw
(13:24 / Allies) ThisGameSuckNow: you hurt his gealing
(13:28 / All) ShamooWifeOfJak: before I could rape him wtih bladestorm lol
(13:29 / Allies) ThisGameSuckNow: feelings
(13:33 / All) Irapeurrecord: I hurt his feelings
(14:08 / Allies) ThisGameSuckNow: who got?
(15:10 / Allies) ThisGameSuckNow: can somebody with gold buy pink a tp
(15:24 / Allies) ThisGameSuckNow: damn teal
(15:27 / Allies) ThisGameSuckNow: thats a lot fo gold
(15:33 / Allies) jorge: share man
(15:42 / All) ShamooWifeOfJak: 3 daggers of escape for me
(15:45 / Allies) Irapeurrecord: k
(15:59 / Allies) jorge: ty
(16:02 / Allies) ThisGameSuckNow: thx
(17:00 / All) PRO-DELIGHT.: red hack i say
(17:01 / All) PRO-DELIGHT.: tee hee
(17:25 / Allies) jorge: coming
(17:58 / All) NO_COAST: out
(18:30 / All) PRO-DELIGHT.: I HAVE AA WOW
(18:31 / All) PRO-DELIGHT.: STFU
(19:12 / All) Irapeurrecord: green you are a noob
(19:22 / All) Irapeurrecord: how's it feel to noob, n00b?
(19:40 / All) site187g: CUTE
(21:24 / All) Irapeurrecord: shit forgot to buy tp lawl
(21:35 / All) Irapeurrecord: how much gold have you got yellow and green
(22:06 / All) ShamooWifeOfJak: you came to the wrong neighborhood friend
(22:10 / All) PRO-DELIGHT.: noob redddddddd
(22:17 / All) ThisGameSuckNow: contorling two dumbass
(22:30 / All) PRO-DELIGHT.: no need for the name calling
(22:32 / All) ShamooWifeOfJak: yeah yourself and the leave, two dumbasses
(22:42 / Allies) ThisGameSuckNow: fuck i can't have an expo
(22:45 / Allies) ThisGameSuckNow: need help with gold
(23:27 / Allies) ThisGameSuckNow: tp
(23:35 / Allies) jorge: coming
(23:57 / Allies) ThisGameSuckNow: teal???
(24:17 / All) ThisGameSuckNow: teal wtf man...yo have 8000 gold and 7 8units
(24:32 / Allies) ThisGameSuckNow: game would be over buddy if you would play
(24:37 / Allies) ThisGameSuckNow: quit screwing around
(24:45 / All) PRO-DELIGHT.: dont blame him man, our team is gosu
(24:49 / All) Irapeurrecord: O
(24:53 / All) Irapeurrecord: I'm enjoying screwing around
(25:00 / All) ThisGameSuckNow: you guys are losing....we would be done with this game if teal tried
(25:09 / All) PRO-DELIGHT.: wtf how we losing
(25:13 / All) Irapeurrecord: I don't want to carry noobs every game
(25:18 / Allies) jorge: share money teal
(25:33 / All) ThisGameSuckNow: lol....really teal....i am controlling two guys siince pink wanted to leave
(25:43 / All) ThisGameSuckNow: can't get an expo all game bc i am the only one getting hit
(25:54 / All) ThisGameSuckNow: case and point
(26:19 / All) Irapeurrecord: green maphack?
(26:24 / All) site187g: no but u do
(26:24 / All) Irapeurrecord: you're always pingig my shit
(26:28 / All) PRO-DELIGHT.: lol
(26:29 / All) site187g: it was really fucking obvious
(26:31 / All) Irapeurrecord: when you have no way to have vision
(26:32 / All) PRO-DELIGHT.: y did green cancel his expo
(26:33 / All) PRO-DELIGHT.: lol
(26:38 / All) Irapeurrecord: and that cancel lol
(26:40 / All) PRO-DELIGHT.: LMAO why did green cancel his bot expo
(26:40 / All) site187g: cuz i saw his noob ass stop following
(26:43 / All) Irapeurrecord: and u say I obviously mh?
(26:46 / All) site187g: and go directly north west
(26:56 / All) site187g: suddenly stops
(26:59 / All) Irapeurrecord: you suck though you'd lose if the enemy player was braindead
(27:00 / All) site187g: and goes right for my expo
(27:01 / All) site187g: hhmmm
(27:06 / All) ThisGameSuckNow: ive never seen someboyd have that much gold in this game
(27:08 / All) Irapeurrecord: don't blame being trash on my hacks
(27:13 / All) ShamooWifeOfJak: jorge wants to be hardcore
(27:17 / All) ShamooWifeOfJak: but his mom won't let him
(27:31 / Allies) jorge: share money teal
(27:45 / All) site187g: lol
(27:45 / All) site187g: cute
(27:55 / All) Irapeurrecord: good mobility on your aa
(28:00 / All) site187g: the fact that u depend on them makes u bad
(28:06 / All) Irapeurrecord: I don't depend on hacks
(28:09 / All) Irapeurrecord: only started recently
(28:14 / All) site187g: sure u did
(28:22 / All) Irapeurrecord: lets me beat players like you half asleep
(28:43 / Allies) ThisGameSuckNow: so we going to save somebody
(28:48 / Allies) Irapeurrecord: wood me
(28:51 / Allies) Irapeurrecord: fast
(29:02 / Allies) jorge: gold me fast
(29:23 / Allies) Irapeurrecord: now wood me
(29:38 / Allies) jorge: man more u have plenty of cash
(30:13 / All) Irapeurrecord: was that worth all the tanks lol
(30:19 / All) Irapeurrecord: I can just rebuild
(30:22 / All) Irapeurrecord: I have 15000 gold
(30:31 / All) Irapeurrecord: what do you have?
(30:38 / All) jorge: a team man
(31:50 / Allies) ThisGameSuckNow: so we going to finish this boaring game?
(31:53 / Allies) ThisGameSuckNow: i don't ahve a mine anyumore
(31:55 / Allies) ThisGameSuckNow: need gold
(32:20 / Allies) ThisGameSuckNow: gold please
(32:24 / Allies) Irapeurrecord: wood please
(32:37 / Allies) ThisGameSuckNow: thx
(33:06 / Allies) ThisGameSuckNow: teal you are definately good...just wish you would go ahead and end it
(34:11 / All) site187g: lol i think every1 is just afk
(34:20 / All) site187g: guess ill go play with my dick as well
(34:53 / Allies) ThisGameSuckNow: more gold
(36:01 / All) PRO-DELIGHT.: NOOBBBBBBBB
(36:09 / All) ThisGameSuckNow: lol
(36:56 / Allies) ThisGameSuckNow: great
(37:04 / All) Irapeurrecord: god you suck lol
(37:07 / Allies) ThisGameSuckNow: lol
(37:08 / All) Irapeurrecord: how much gold have I given you red
(37:10 / All) PRO-DELIGHT.: noobbbbbbb
(37:12 / All) Irapeurrecord: and you can't defeat like 1 player
(37:19 / All) ThisGameSuckNow: really dude...no gold all game and fighting against 3 all game
(37:21 / All) Irapeurrecord: I think I'm better off him killing you
(37:25 / All) Irapeurrecord: dude I gave you like 10k
(37:27 / All) Irapeurrecord: lol
(37:30 / All) Irapeurrecord: you can
(37:35 / All) Irapeurrecord: 't deal with
(37:37 / All) Irapeurrecord: 1 PLAEYR
(37:37 / All) ThisGameSuckNow: not really
(37:44 / Allies) ThisGameSuckNow: just end this
(38:00 / All) NO_COAST: GOLD
(38:40 / All) ThisGameSuckNow: so teal are you blue also???
(38:44 / All) ThisGameSuckNow: bc you aren't killing him
(38:47 / All) ThisGameSuckNow: kind of funny
(38:54 / All) Irapeurrecord: no
(39:09 / All) PRO-DELIGHT.: lol
(39:11 / All) PRO-DELIGHT.: this fucking team
(39:12 / All) PRO-DELIGHT.: man
(39:23 / All) PRO-DELIGHT.: yellow and green are hilairous
(39:26 / All) Irapeurrecord: My allies are useless
(39:34 / All) jorge: lol
(39:38 / All) Irapeurrecord: I would have won this if I had better allies
(39:39 / Allies) jorge: so bad man
(39:41 / Allies) jorge: get a life
(39:49 / All) ThisGameSuckNow: lol.....
(39:50 / All) Irapeurrecord: These noobs you give like 5k gold each and they can't kill 1 player when they get attacked
(39:52 / All) ShamooWifeOfJak: time to die jorge
(41:13 / All) Irapeurrecord: I'm going to look up some porn to jack off to back in a few mins
(41:14 / All) Irapeurrecord: afk
(41:21 / All) ThisGameSuckNow: k...me too
(41:55 / All) ShamooWifeOfJak: You will never escape
(42:08 / All) ThisGameSuckNow: lol
(42:13 / Allies) ThisGameSuckNow: really teal??/
(42:16 / All) PRO-DELIGHT.: rutless bm
(42:17 / Allies) ThisGameSuckNow: now you want to give me gold?
(42:29 / Allies) Irapeurrecord: you could have gone to the shop and bought items
(42:33 / Allies) Irapeurrecord: you are too retarded to
(42:37 / Allies) ThisGameSuckNow: lol
(42:41 / All) PRO-DELIGHT.: this is such a wierrd game
(42:43 / Allies) ThisGameSuckNow: buy what...do what.
(42:43 / Allies) Irapeurrecord: you can't make 1 good decision all game
(42:51 / Allies) Irapeurrecord: could've bought tp staff and invul potion and ran from the bm
(42:57 / Allies) Irapeurrecord: and had fun controlling a hero
(43:08 / All) PRO-DELIGHT.: my allies were the jv team or something
(43:22 / All) PRO-DELIGHT.: blue went solo bm, yellow tried to attack teal's griffs with tauren, and green did nothing all game
(43:33 / All) Irapeurrecord: would you agree red and purple did nothing
(43:46 / All) Irapeurrecord: I had an ultra n00b team
(43:51 / All) Irapeurrecord: this is what 4v4 has been reduced to man
(43:57 / All) PRO-DELIGHT.: yea prett ymuch all red did manage was to kill my expos all game, for some reason he never attacked greens shit
(44:02 / All) Irapeurrecord: where u give ur allies like 5k gold, EACH and they can't do anything with it but die
(44:49 / All) PRO-DELIGHT.: rez ur hero green
(44:52 / Allies) Irapeurrecord: red what porn are oyu jerking it to right now?
(46:01 / Allies) Irapeurrecord: red want me to get you a hero?
(46:05 / Allies) Irapeurrecord: you can res it at the tavern
(46:10 / Allies) Irapeurrecord: if uw ant it
(46:19 / Allies) Irapeurrecord: but judging by ur tc skill I doubt you want one
(48:28 / All) site187g: lol
(50:00 / All) Irapeurrecord: do u like my towers grena?
(50:14 / All) site187g: heh they all right
(50:21 / All) site187g: but since u maphack its useless
(50:35 / All) site187g: and u depend on opposing team to work with u to win
(50:42 / All) Irapeurrecord: lol
(51:01 / All) site187g: this guy on the other hand getting his hero rocked
(52:04 / All) site187g: well the blunts rolled, sandwich ready and the show is loaded
(52:11 / All) PRO-DELIGHT.: which show
(52:12 / All) site187g: while u play with our balls im gonna watch it
(52:20 / All) PRO-DELIGHT.: house of cards?
(54:01 / All) Irapeurrecord: Good luck, red and green
(54:10 / All) Irapeurrecord: oh and yellow
(54:22 / All) ShamooWifeOfJak: It's pretty much impossible to kill this lol
(54:28 / All) ShamooWifeOfJak: even with 100 food and 3 heroes
(54:30 / All) PRO-DELIGHT.: i know lawl
(54:32 / All) ShamooWifeOfJak: because of fountain
(54:37 / All) PRO-DELIGHT.: standoff isnt even close to done on our side rod
(54:45 / All) Irapeurrecord: MY SIDE IS COMPLETE